 Seeded DCSS version 0.28.0-53-g5a82cb258f (webtiles) character file.

Game seed: 591938 (custom seed)

611 xaos the Cutter (level 7, -2/51 HPs)
             Began as a Human Wanderer on May 22, 2022.
             Was a Believer of Elyvilon.
             Slain by a lemure (4 damage)
             ... led by Pikel
             ... on level 4 of the Dungeon on May 23, 2022.
             The game lasted 00:26:09 (6323 turns).

xaos the Cutter (Human Wanderer)                    Turns: 6323, Time: 00:26:09

Health: -2/51      AC:  9    Str: 13    XL:     7   Next: 72%
Magic:  8/8        EV:  7    Int:  9    God:    Elyvilon [**....]
Gold:   100        SH:  0    Dex: 23    Spells: 3/8 levels left

rFire   . . .      SeeInvis .   n - +0 dagger (venom)
rCold   . . .      Faith    .   (no shield)
rNeg    . . .      Spirit   .   y - +0 chain mail
rPois   .          Reflect  .   (no helmet)
rElec   .          Harm     .   (no cloak)
rCorr   .          Rampage  .   (no gloves)
Will    .....                   (no boots)
Stlth   ..........              (no amulet)
HPRegen 0.17/turn               i - +6 ring of dexterity
MPRegen 0.11/turn               (no ring)

@: no status effects
A: no striking features
a: Renounce Religion, Purification, Heal Other


You were on level 4 of the Dungeon.
You worshipped Elyvilon.
Elyvilon was pleased with you.
You visited 1 branch of the dungeon, and saw 4 of its levels.

You collected 243 gold pieces.
You spent 143 gold pieces at shops.

Inventory:

Hand Weapons
 c - a +1 vampiric hand axe
 n - a +0 dagger of venom (weapon)
Missiles
 b - 59 stones
 d - 18 poisoned darts
 h - 4 atropa-tipped darts
 j - 16 sling bullets
 q - 11 boomerangs
Armour
 f - a +2 leather armour of fire resistance
 y - a +0 chain mail (worn)
Jewellery
 i - a +6 ring of dexterity (left hand)
Scrolls
 k - a scroll of teleportation
 l - 3 scrolls of identify {unknown}
 p - a scroll of immolation {unknown}
 r - a scroll of noise {unknown}
 s - 2 scrolls of enchant weapon {unknown}
 t - 2 scrolls of acquirement {unknown}
 v - 2 scrolls of magic mapping {unknown}
 x - a scroll of enchant armour {unknown}
Potions
 a - a potion of flight
 e - 2 potions of haste {unknown}
 g - 3 potions of resistance {unknown}
 m - 4 potions of invisibility {unknown}
 o - a potion of degeneration {unknown}
 u - 8 potions of curing
 w - 3 potions of berserk rage {unknown}
 z - 3 potions of mutation {unknown}
 A - 2 potions of heal wounds


   Skills:
 + Level 2.6 Fighting
 + Level 5.6 Short Blades
 + Level 2.4(3.1) Slings
 + Level 2.7(3.2) Throwing
 + Level 3.4 Armour
 + Level 2.5 Dodging
 + Level 2.3 Stealth
 + Level 1.0 Spellcasting
 + Level 1.0 Evocations


You had 3 spell levels left.
You knew the following spells:

 Your Spells              Type           Power      Damage    Failure   Level
a - Blink                 Tloc           0%         N/A       100%        2
b - Lesser Beckoning      Tloc           0%         N/A       100%        3

Your spell library contained the following spells:

 Spells                   Type           Power      Damage    Failure   Level
 Manifold Assault         Tloc           0%         N/A       100%        5


Dungeon Overview and Level Annotations

Branches:
Dungeon (4/15)             Temple (0/1) D:4

Altars:
Elyvilon
Hepliaklqana

Shops:
D:4 !

Annotations:
D:4 Blork the orc, Pikel


Message History

You barely miss the lemure.
The lemure is moderately wounded.
The lemure barely misses you.
Blork the orc hits you with a +0 short sword.
You hit the lemure but do no damage.
The lemure looks as sick as possible!
The lemure is heavily wounded.
Blork the orc looks braver for a moment.
The lemure hits you but does no damage.
Blork the orc hits you with a +0 short sword.
You hit Blork the orc.
Blork the orc looks even sicker.
Blork the orc is lightly wounded.
Blork the orc hits you with a +0 short sword.
The lemure hits you.
Blork the orc points at you and mumbles some strange words.
The puff of frost hits you but does no damage.
Blork the orc miscasts a cantrip.
There is an open door here.
There is a stone staircase leading down here.
You can't go up here!
Blork the orc screams, "I'll drink your blood!
Soon!"
Blork the orc looks encouraged for a moment.
The lemure hits you but does no damage. The lemure completely misses you.
Blork the orc frowns.
Blork the orc hits you with a +0 short sword.
Blork the orc hits you with a +0 short sword.
* * * LOW HITPOINT WARNING * * *
The lemure hits you.
* * * LOW HITPOINT WARNING * * *
Blork the orc is no longer moving quickly.
Blork the orc gestures at you while chanting.
The magic dart hits you.
* * * LOW HITPOINT WARNING * * *
The lemure hits you.
* * * LOW HITPOINT WARNING * * *
Blork the orc points at you and mumbles some strange words.
The puff of flame hits you.
* * * LOW HITPOINT WARNING * * *
The lemure hits you.
You die...

......'∩#...........<.....#
......###...........#####.#
.......)..........).+
.......##...........####
.......####.........[..#
....#### #.................
....# #..K5........#####
....# #..o55.......#
....#######.....@......#
.......................#
########...§§..........#
#..§§...........#
#....§..........#
#......########## ########


You could see Pikel, Blork the orc (poisoned) and 3 lemures.

Vanquished Creatures
  An ogre (D:2)
  A necrophage (D:4)
  A lemure (D:4)
  A phantom (D:3)
  3 orc priests (D:3)
  A hound (D:4)
  2 iguanas (D:4)
  Ijyb (D:2)
  8 adders
  An adder skeleton (D:4)
  3 worms
  3 dart slugs
  12 orcs
  5 ball pythons
  4 bats
  4 endoplasms
  A giant cockroach (D:3)
  8 goblins
  5 hobgoblins
  4 jackals
  4 quokkas
  2 frilled lizards (D:1)
  3 kobolds
  4 rats
82 creatures vanquished.

Notes
Turn   | Place    | Note
-------+----------+-------------------------------------------
     0 | D:1      | xaos the Human Wanderer began the quest for the Orb.
     0 | D:1      | xaos set off with the following items: a +0 rapier, a +0
                  | hunting sling, 15 sling bullets, 12 poisoned darts, a +0
                  | dagger, a +0 leather armour
     0 | D:1      | Reached XP level 1. HP: 13/13 MP: 2/2
   348 | D:1      | Reached skill level 1 in Fighting
   348 | D:1      | Reached XP level 2. HP: 20/21 MP: 3/3
   963 | D:2      | Reached XP level 3. HP: 26/26 MP: 4/4
   974 | D:2      | Noticed an ogre
   997 | D:2      | Killed an ogre
   998 | D:2      | Reached skill level 1 in Armour
   998 | D:2      | Reached XP level 4. HP: 15/32 MP: 5/5
   998 | D:2      | Reached XP level 5. HP: 17/37 MP: 6/6
  1681 | D:2      | Found a faded altar of an unknown god.
  1699 | D:2      | Prayed at the altar of an unknown god.
  1699 | D:2      | Became a worshipper of Elyvilon the Healer
  1699 | D:2      | Reached * piety under Elyvilon
  2323 | D:3      | Noticed Ijyb
  2400 | D:2      | Learned a level 2 spell: Blink
  2404 | D:2      | Learned a level 3 spell: Lesser Beckoning
  2411 | D:3      | Paralysed by Ijyb for 6 turns
  2426 | D:2      | Paralysed by Ijyb for 6 turns
  2447 | D:2      | Killed Ijyb
  2448 | D:2      | Reached skill level 1 in Stealth
  2448 | D:2      | Reached XP level 6. HP: 19/44 MP: 7/7
  2734 | D:3      | Found a hazy altar of Hepliaklqana.
  2761 | D:3      | Reached skill level 5 in Short Blades
  3475 | D:3      | Reached ** piety under Elyvilon
  4426 | D:4      | Noticed a necrophage
  4428 | D:4      | Killed a necrophage
  4429 | D:4      | Reached XP level 7. HP: 51/51 MP: 8/8
  5160 | D:4      | Identified the +2 robe "Paaq" {Archmagi}
  5162 | D:4      | Found a staircase to the Ecumenical Temple.
  5167 | D:4      | Found Piniar's Distillery.
  6091 | D:4      | Bought a potion of heal wounds for 55 gold pieces
  6091 | D:4      | Bought a potion of heal wounds for 55 gold pieces
  6091 | D:4      | Bought a potion of curing for 33 gold pieces
  6271 | D:4      | Noticed Blork the orc
  6271 | D:4      | Noticed Pikel
  6320 | D:4      | HP: 2/51 [Blork the orc/puff of flame (2)]
  6323 | D:4      | Slain by a lemure

Illustrated notes

Levels and vault maps discovered:
D:1:      roderic_octagonal_star, layout_basic, hangedman_abyss_or_decor_stabs,
          minmay_misc_feat_hallway, minmay_domino_2
D:2:      layout_rooms, ebering_ecumenical_altar_abandoned, minivault_23
D:3:      layout_rooms, lemuel_round_altar, st_stairs_3,
          kennysheep_generic_room_8, uniq_ijyb
D:4:      layout_basic, minmay_temple_entry_purple_smoke, serial_shops,
          nicolae_shop_window_shopping, minmay_misc_feat_plants, minmay_unequal,
          uniq_pikel, uniq_blork_the_orc

Skill      XL: |  1  2  3  4  5  6  7 |
---------------+----------------------+-----
Fighting       | 1 2 |  2.6
Slings         | 2 |  2.4
Armour         | 1 2 3 |  3.4
Stealth        | 1 2 |  2.3
Short Blades   | 5 |  5.6
Dodging        | 2 |  2.5
Throwing       | |  2.7
Spellcasting   | |  1.0
Evocations     | |  1.0

Action                   |  1- 3 |  4- 6 |  7- 9 || total
-------------------------+-------+-------+-------++-------
Melee: Rapier            |    19 |       |       ||    19
       Dagger            |    17 |   125 |   159 ||   301
       Punch             |       |     4 |     5 ||     9
 Fire: Hunting sling     |    12 |       |       ||    12
Throw: Dart              |     4 |     7 |     7 ||    18
  Use: Scroll            |       |     1 |     1 ||     2
       Potion            |       |       |     1 ||     1
 Stab: Sleeping          |     2 |     5 |       ||     7
Armor: Leather armour    |    25 |    27 |    44 ||    96
       Chain mail        |       |    30 |    21 ||    51
Dodge: Dodged            |    29 |    73 |   115 ||   217
